 Dungeon Crawl Stone Soup version 0.26-a0-837-g5a8a614f01 (webtiles) character file.

Game seed: 1807065284512952339

2916 Gargoyl the Fighter (level 9, -4/74 HPs)
             Began as a Gnoll Abyssal Knight on Nov 18, 2020.
             Was a Priest of Lugonu.
             Slain by a freezing wraith (10 damage)
             ... on level 7 of the Dungeon on Nov 19, 2020.
             The game lasted 00:11:00 (8278 turns).

Gargoyl the Fighter (Gnoll Abyssal Knight)          Turns: 8278, Time: 00:11:01

Health: -4/74      AC: 18    Str: 18    XL:     9   Next: 78%
Magic:  15/15      EV: 10    Int: 15    God:    Lugonu [***...]
Gold:   382        SH: 11    Dex: 14    Spells: 17/17 levels left

rFire    + + .     SeeInvis +   z - +1 broad axe
rCold    + . .     Faith    .   j - +2 kite shield
rNeg     . . .     Spirit   .   l - +1 scale mail
rPois    .         Reflect  .   c - +2 helmet
rElec    .         Harm     .   e - scarf {rC+ rF+}
rCorr    .         Rampage  .   (no gloves)
MR       .....                  r - +1 pair of boots
Stlth    +.........             (no amulet)
HPRegen  0.22/turn              v - +4 ring of protection
MPRegen  0.14/turn              w - ring of see invisible

@: no status effects
A: distributed training, fangs 1, fire resistance 1, wild magic 1, strong nose
a: Depart the Abyss, Bend Space, Banish, Renounce Religion


You were on level 7 of the Dungeon.
You worshipped Lugonu.
Lugonu was most pleased with you.
You visited 1 branch of the dungeon, and saw 8 of its levels.
You visited the Abyss 2 times.
You also visited: Ossuary.

You collected 382 gold pieces.

Inventory:

Hand Weapons
 a - a +1 hand axe
 s - a +0 war axe
 z - a +1 broad axe (weapon)
Missiles
 g - 71 poisoned darts (quivered)
Armour
 c - a +2 helmet (worn)
 e - a scarf of resistance (worn)
 j - a +2 kite shield (worn)
 l - a +1 scale mail (worn)
 r - a +1 pair of boots (worn)
Jewellery
 v - a +4 ring of protection (left hand)
 w - a ring of see invisible (right hand)
 B - an uncursed ring of wizardry {unknown}
Wands
 m - a wand of acid (12)
 u - a wand of random effects (18)
 x - a wand of disintegration (10)
Scrolls
 f - a scroll of teleportation
 k - a scroll of identify
 q - 2 scrolls of magic mapping
 y - a scroll of remove curse
 C - a scroll of fear {unknown}
Potions
 b - 4 potions of brilliance
 h - a potion of invisibility
 i - a potion of ambrosia
 n - a potion of curing {unknown}
 o - a potion of lignification {unknown}
 p - 2 potions of might {unknown}
 t - 2 potions of heal wounds {unknown}
 A - 2 potions of cancellation {unknown}
Miscellaneous
 d - a condenser vane


   Skills:
 + Level 8.1 Fighting
 + Level 4.5 Short Blades
 + Level 4.5 Long Blades
 + Level 6.5 Axes
 + Level 4.5 Maces & Flails
 + Level 4.5 Polearms
 + Level 4.5 Staves
 + Level 4.5 Slings
 + Level 4.5 Bows
 + Level 4.5 Crossbows
 + Level 4.5 Throwing
 + Level 6.5 Armour
 + Level 5.3 Dodging
 + Level 4.5 Stealth
 + Level 4.5 Shields
 + Level 4.5 Unarmed Combat
 + Level 4.5 Spellcasting
 + Level 3.8 Conjurations
 + Level 3.8 Hexes
 + Level 3.8 Summonings
 + Level 3.8 Necromancy
 + Level 3.8 Translocations
 + Level 3.8 Transmutations
 + Level 3.8 Fire Magic
 + Level 3.8 Ice Magic
 + Level 3.8 Air Magic
 + Level 3.8 Earth Magic
 + Level 3.8 Poison Magic
 + Level 6.9 Invocations
 + Level 4.5 Evocations


You had 17 spell levels left.
You didn't know any spells.
Your spell library was empty.

Dungeon Overview and Level Annotations

Branches:
Dungeon (8/15)             Temple (0/1) D:7         Ossuary (visited)
   Lair: D:8-11

Altars:
Dithmenos
Nemelex Xobeh
Uskayaw
Vehumet
Zin


Innate Abilities, Weirdness & Mutations

Your experience applies equally to all skills.
You have very sharp teeth.
Your uncanny sense of smell can sniff out nearby items.
Your flesh is heat resistant. (rF+)
Your spells are a little harder to cast, but a little more powerful.


Message History

The freezing wraith is moderately damaged.
The freezing wraith hits you. The freezing wraith freezes you! You resist.
The freezing wraith hits you.
You barely miss the freezing wraith.
The freezing wraith is moderately damaged.
You block the freezing wraith's attack. The freezing wraith hits you!
* * * LOW HITPOINT WARNING * * *
The freezing wraith hits you but does no damage. x2
You barely miss the freezing wraith.
The freezing wraith is moderately damaged.
The freezing wraith hits you!
* * * LOW HITPOINT WARNING * * *
The freezing wraith freezes you. You resist.
* * * LOW HITPOINT WARNING * * *
The freezing wraith hits you but does no damage.
Press: ? - help, Shift-Dir - straight line, f - freezing wraith
Aim: a freezing wraith (moderately damaged, chance to defeat MR: 71%)
You fail to use your ability.
You block the freezing wraith's attack. The freezing wraith hits you!
You die...

#...# #.###### #.# #
###.#########......# #.#
# #.#.......#.####.# #.#
#
#.#.#####....###.#####.#
# #.#.# #........).....#
#
#.#.#####.....##.#######
#......##.#.#.##.#
###.##........##.#
#.#####.#..@W..#
#.#####.########
#.......# #########


You could see a freezing wraith.

Vanquished Creatures
  Maggie (D:7)
  A sky beast (D:7)
  2 phantoms
  4 ogres
  2 centaurs (D:6)
  7 bullfrogs
  A big kobold (D:7)
  A gnoll sergeant (D:8)
  A scorpion (D:6)
  A bullfrog zombie (Ossuary)
  A bullfrog skeleton (D:6)
  5 hounds
  4 orc priests
  A jelly (D:8)
  8 orc wizards
  An iguana (D:6)
  2 mummies (Ossuary)
  3 worker ants
  A killer bee zombie (Ossuary)
  A hound zombie (D:7)
  3 hound skeletons
  A howler monkey zombie (D:8)
  3 worker ant zombies
  4 gnolls (D:8)
  11 adders
  2 shadow imps
  A white imp (D:6)
  An ufetubus (D:8)
  An ooze (D:4)
  A worm (D:2)
  4 leopard geckos
  30 orcs
  2 ball pythons
  11 bats
  7 giant cockroaches
  5 goblins
  5 hobgoblins
  7 jackals
  A quokka (D:2)
  2 frilled lizards (D:2)
  A goblin zombie (D:5)
  A jackal skeleton (D:7)
  11 kobolds
  A quokka zombie (D:5)
  2 rats
166 creatures vanquished.

Vanquished Creatures (others)
  A mummy (Ossuary)
  6 withered plants (Ossuary)
7 creatures vanquished.

Grand Total: 173 creatures vanquished

Notes
Turn   | Place    | Note
-------+----------+-------------------------------------------
     0 | Abyss:1  | Gargoyl the Gnoll Abyssal Knight began the quest for the
                  | Orb.
     0 | Abyss:1  | Reached XP level 1. HP: 23/23 MP: 3/3
    35 | Abyss:2  | Found a corrupted altar of Lugonu.
    42 | Abyss:2  | Found a bloodstained altar of Trog.
    59 | Abyss:2  | Noticed a chaos spawn
   104 | Abyss:2  | Noticed a balrug
   104 | Abyss:2  | Noticed a rakshasa
   104 | Abyss:2  | Noticed a large abomination
   105 | D:1      | Escaped the Abyss
   241 | D:1      | Reached * piety under Lugonu
   289 | D:1      | Reached XP level 2. HP: 29/29 MP: 5/5
   729 | D:1      | Reached XP level 3. HP: 32/35 MP: 6/6
  1016 | D:2      | Reached skill level 1 in Short Blades
  1016 | D:2      | Reached skill level 1 in Long Blades
  1016 | D:2      | Reached skill level 1 in Maces & Flails
  1016 | D:2      | Reached skill level 1 in Polearms
  1016 | D:2      | Reached skill level 1 in Staves
  1016 | D:2      | Reached skill level 1 in Slings
  1016 | D:2      | Reached skill level 1 in Bows
  1016 | D:2      | Reached skill level 1 in Crossbows
  1016 | D:2      | Reached skill level 1 in Throwing
  1016 | D:2      | Reached skill level 1 in Stealth
  1016 | D:2      | Reached skill level 1 in Shields
  1016 | D:2      | Reached skill level 1 in Unarmed Combat
  1016 | D:2      | Reached skill level 1 in Spellcasting
  1016 | D:2      | Reached skill level 1 in Evocations
  1340 | D:2      | Reached XP level 4. HP: 41/41 MP: 7/7
  1439 | D:2      | Found a glowing silver altar of Zin.
  1514 | D:2      | Reached ** piety under Lugonu
  1855 | D:3      | Reached skill level 1 in Conjurations
  1855 | D:3      | Reached skill level 1 in Hexes
  1855 | D:3      | Reached skill level 1 in Summonings
  1855 | D:3      | Reached skill level 1 in Necromancy
  1855 | D:3      | Reached skill level 1 in Translocations
  1855 | D:3      | Reached skill level 1 in Transmutations
  1855 | D:3      | Reached skill level 1 in Fire Magic
  1855 | D:3      | Reached skill level 1 in Ice Magic
  1855 | D:3      | Reached skill level 1 in Air Magic
  1855 | D:3      | Reached skill level 1 in Earth Magic
  1855 | D:3      | Reached skill level 1 in Poison Magic
  1911 | D:3      | Noticed an ogre
  1949 | D:3      | Killed an ogre
  1950 | D:3      | Reached XP level 5. HP: 4/47 MP: 8/8
  2283 | D:3      | Reached skill level 5 in Invocations
  2283 | D:3      | Reached XP level 6. HP: 30/53 MP: 9/9
  2690 | D:3      | Reached skill level 5 in Axes
  2690 | D:3      | Reached skill level 5 in Armour
  3117 | D:4      | Noticed a phantom
  3156 | D:4      | Killed a phantom
  3491 | D:4      | Found a sparkling altar of Nemelex Xobeh.
  3532 | D:4      | Found a hide-covered altar of Uskayaw.
  3702 | D:4      | Reached XP level 7. HP: 51/59 MP: 10/10
  3928 | D:5      | Entered Level 5 of the Dungeon
  4019 | D:5      | Found a sand-covered staircase.
  4028 | Ossuary  | Entered an ossuary
  4084 | Ossuary  | Reached skill level 7 in Fighting
  4091 | Ossuary  | Gained mutation: Your flesh is heat resistant. (rF+)
                  | [potion of mutation]
  4091 | Ossuary  | Gained mutation: Your spells are a little harder to cast,
                  | but a little more powerful. [potion of mutation]
  4474 | D:5      | Found a radiant altar of Vehumet.
  4944 | D:6      | Reached XP level 8. HP: 67/67 MP: 12/12
  5256 | D:6      | Reached *** piety under Lugonu
  6447 | D:7      | Reached XP level 9. HP: 71/73 MP: 14/14
  6635 | D:7      | Found a staircase to the Ecumenical Temple.
  6898 | D:7      | Noticed Maggie
  6939 | D:7      | Killed Maggie
  6940 | D:7      | Reached skill level 5 in Dodging
  7360 | D:7      | Cast into level 1 of the Abyss (orc)
  7459 | Abyss:1  | Noticed a shadow wraith
  7472 | D:7      | Escaped the Abyss
  7487 | D:7      | Reached skill level 8 in Fighting
  8252 | D:8      | Noticed a freezing wraith
  8254 | D:8      | Found a shadowy altar of Dithmenos.
  8255 | D:8      | Noticed a freezing wraith
  8278 | D:7      | Slain by a freezing wraith

Illustrated notes

Levels and vault maps discovered:
D:1:      dpeg_arrival_fog, layout_loops_ring, lemuel_old_faithful
D:2:      layout_basic, overflow_temple_1_default, minivault_4, minivault_23,
          kennysheep_generic_room_14
D:3:      layout_loops_ring
D:4:      layout_basic, lemuel_coloured_pillars_altar,
          eat_drink_and_be_merry_uskayaw
D:5:      layout_rooms, lemuel_crystal_altar, enter_ossuary_4,
          hangedman_decor_riveting
D:6:      layout_layer_cave, grunt_ministairs_15
D:7:      layout_loops_corners, minmay_temple_entry_fiery, uniq_maggie
D:8:      layout_basic, serial_shops, shop, jmf_multi_god_temple

Skill      XL: |  1  2  3  4  5  6  7  8  9 |
---------------+----------------------------+-----
Short Blades   | 1 2 3 4 |  4.5
Long Blades    | 1 2 3 4 |  4.5
Maces & Flails | 1 2 3 4 |  4.5
Polearms       | 1 2 3 4 |  4.5
Staves         | 1 2 3 4 |  4.5
Slings         | 1 2 3 4 |  4.5
Bows           | 1 2 3 4 |  4.5
Crossbows      | 1 2 3 4 |  4.5
Throwing       | 1 2 3 4 |  4.5
Stealth        | 1 2 3 4 |  4.5
Shields        | 1 2 3 4 |  4.5
Unarmed Combat | 1 2 3 4 |  4.5
Spellcasting   | 1 2 3 4 |  4.5
Evocations     | 1 2 3 4 |  4.5
Conjurations   | 1 2 3 |  3.8
Hexes          | 1 2 3 |  3.8
Summonings     | 1 2 3 |  3.8
Necromancy     | 1 2 3 |  3.8
Translocations | 1 2 3 |  3.8
Transmutations | 1 2 3 |  3.8
Fire Magic     | 1 2 3 |  3.8
Ice Magic      | 1 2 3 |  3.8
Air Magic      | 1 2 3 |  3.8
Earth Magic    | 1 2 3 |  3.8
Poison Magic   | 1 2 3 |  3.8
Dodging        | 3 4 5 |  5.3
Invocations    | 5 6 |  6.9
Axes           | 5 6 |  6.5
Armour         | 5 6 |  6.5
Fighting       | 7 8 |  8.1

Action                   |  1- 3 |  4- 6 |  7- 9 || total
-------------------------+-------+-------+-------++-------
Melee: Hand axe          |   107 |   127 |   564 ||   798
       Bite              |    12 |    18 |    85 ||   115
       Punch             |       |     1 |     1 ||     2
       Broad axe         |       |       |    53 ||    53
Throw: Dart              |     7 |    22 |     1 ||    30
Invok: Depart the Abyss  |     1 |       |     1 ||     2
       Banish            |       |       |     1 ||     1
  Use: Scroll            |     9 |     3 |     5 ||    17
       Potion            |       |       |     2 ||     2
 Stab: Sleeping          |     1 |       |     1 ||     2
Armor: Leather armour    |    55 |       |       ||    55
       Ring mail         |     2 |    34 |       ||    36
       Scale mail        |       |    27 |   281 ||   308
Dodge: Dodged            |   110 |    86 |   249 ||   445
Block: Kite shield       |       |       |   329 ||   329

Table legend: (Time is in decaauts)
 A = Elapsed time spent in this place.
 B = Non-inter-level travel time spent in this place.
 C = Inter-level travel time spent in this place.
 D = Time resting spent in this place.
 E = Time spent auto-exploring this place.
 F = Levels seen in this place.
 G = Mean time per level.
                   A        B        C        D        E       F      G
               +--------+--------+--------+--------+--------+-----+--------+
         Total |   8381 |   8200 |    181 |   1014 |   5205 |  12 |  698.4 |
       Dungeon |   8046 |   7865 |    181 |    967 |   5074 |   8 | 1005.8 |
         Abyss |    216 |    216 |      0 |      0 |    131 |   3 |   72.0 |
       Ossuary |    118 |    118 |      0 |     47 |      0 |   1 |  118.0 |
               +--------+--------+--------+--------+--------+-----+--------+

Top non-repeatable levels by time:
     D:6: 1577 daAuts
     D:7: 1512 daAuts
     D:3: 1291 daAuts
     D:2: 902 daAuts
     D:1: 835 daAuts
     D:4: 825 daAuts
     D:5: 597 daAuts
     D:8: 506 daAuts
 Abyss:1: 146 daAuts
 Ossuary: 118 daAuts
 Abyss:2: 69 daAuts
